 Dungeon Crawl Stone Soup version 0.10.4 character file.

151 MordorOrchid the Firebug (level 3, -1/19 HPs)
             Began as a Deep Elf Fire Elementalist on Nov 25, 2020.
             Slain by Terence
             ... wielding a cursed +0,+0 mace
              (4 damage)
             ... on Level 3 of the Dungeon.
             The game lasted 00:09:24 (2501 turns).

MordorOrchid the Firebug (DEFE)                     Turns: 2501, Time: 00:09:24

HP  -1/19        AC  2     Str  5      XL: 3   Next: 37%
MP   0/10        EV 24     Int 20      God:
Gold 109         SH  0     Dex 20      Spells:  3 memorised,  2 levels left

Res.Fire  : . . .   See Invis. : .   w - +1,+0 orc mace (drain)
Res.Cold  : . . .   Warding    : . . a - +0 elf robe
Life Prot.: . . .   Conserve   : .   (no shield)
Res.Acid. : . . .   Res.Corr.  : .   (no helmet)
Res.Poison: .       Clarity    : .   (no cloak)
Res.Elec. : .       Spirit.Shd : .   (no gloves)
Sust.Abil.: . .     Stasis     : .   (no boots)
Res.Mut.  : .       Ctrl.Telep.: .   (no amulet)
Res.Rott. : .       Levitation : .   (no ring)
Saprovore : . . .   Ctrl.Flight: .   h - +5 ring of evasion

@: agile, very slightly contaminated, slightly resistant to hostile
enchantments, quite stealthy
A: no striking features
a: no special abilities


You were on level 3 of the Dungeon.
You were very hungry.

You visited 1 branch of the dungeon, and saw 3 of its levels.

You collected 89 gold pieces.

Inventory:

Hand weapons
 w - a +1,+0 orcish mace of draining (weapon)
 A - a +0,+1 whip of electrocution
Missiles
 q - 18 poisoned +1 needles
Armour
 a - a +0 elven robe (worn)
 p - a +1 dwarven shield
Comestibles
 c - 3 bread rations
 k - 2 apples
 o - 2 meat rations
 z - a snozzcumber
Scrolls
 g - a scroll of remove curse
 j - a scroll of magic mapping {unknown}
 r - a scroll of teleportation {unknown}
 s - a scroll of fog {unknown}
 t - a scroll of detect curse {unknown}
 y - a scroll of enchant armour {unknown}
Jewellery
 h - a +5 ring of evasion (left hand)
 i - an uncursed amulet of stasis
Potions
 e - a potion of restore abilities {unknown}
 f - a potion of heal wounds {unknown}
 l - a potion of slowing {unknown}
 m - a potion of cure mutation
 n - a potion of levitation
 u - 6 potions of curing
Books
 b - a book of Flames

   Spells                             Type                      Level
   *Flame Tongue                      Conjuration/Fire             1
   *Throw Flame                       Conjuration/Fire             2
   *Conjure Flame                     Conjuration/Fire             3
   Inner Flame                        Hexes/Fire                   3
   Sticky Flame                       Conjuration/Fire             4
   Fireball                           Conjuration/Fire             5


   Skills:
 * Level 0.7 Fighting
 * Level 2.8 Dodging
 - Level 2.4 Stealth
 * Level 3.1 Spellcasting
 * Level 2.1 Conjurations
 * Level 4.4 Fire Magic


You had 2 spell levels left.
You knew the following spells:

 Your Spells              Type           Power        Failure   Level  Hunger
a - Flame Tongue          Fire/Conj      ####..       3%          1    None
b - Throw Flame           Fire/Conj      ####...      6%          2    Strawberry
c - Conjure Flame         Fire/Conj      ####.....    12%         3    Choko

Dungeon Overview and Level Annotations

Branches:
Dungeon (3/27)

Altars:
Elyvilon

Annotations
D:3 Terence


Message History

You closely miss Terence.
Terence is almost dead.
Terence completely misses you.
You hit Terence but do no damage.
Terence is almost dead.
Terence hits you with a mace!
* * * LOW HITPOINT WARNING * * *
You barely miss Terence.
Terence is almost dead.
Terence completely misses you.
Casting: Flame Tongue
Confirm with . or Enter, or press ? or * to list all spells.
Aiming: Flame Tongue
Press: ? - help, Shift-Dir - straight line, f/p - Terence
Aim: Terence, wielding a mace and wearing an orcish chain mail (almost dead)
The flame hits Terence.
Terence is almost dead.
You are feeling very hungry.
Terence hits you with a mace.
You die...

.. .. # #. ##### #. .. ###
##########...# #.##. ..#
#.......##.#.#### ...
#.###)#####.##.#.#...
..#####.###.#...# #.#....##.#
..........#.#.#######.#..##...#
#.......#.#.#.@.#.....#..##.###
.###.......###@#.#####..##.###
##.......# #l#.#..##..##....
..........###.#.#......#.>...
###....l......#.#.###.##.#...
#############.#.....##.#.##
##......####.#.#
##....#.%#....#.#
###...###..#.####.##


You could see Terence and a giant newt.

Vanquished Creatures
  An ooze (D:1)
  2 orcs (D:3)
  2 ball pythons
  5 bats
  3 giant cockroaches
  5 hobgoblins
  A quokka (D:2)
  4 giant newts
  3 goblins (D:1)
  7 kobolds
  5 rats
38 creatures vanquished.

Vanquished Creatures (others)
  A quokka (D:3)
  A kobold (D:3)
  A rat (D:1)
  2 toadstools
5 creatures vanquished.

Grand Total: 43 creatures vanquished

Notes
Turn   | Place    | Note
--------------------------------------------------------------
     0 | D:1      | MordorOrchid, the Deep Elf Fire Elementalist, began the quest for the Orb.
     0 | D:1      | Reached XP level 1. HP: 10/10 MP: 4/4
   382 | D:1      | Reached XP level 2. HP: 1/15 MP: 1/6
   822 | D:1      | Learned a level 2 spell: Throw Flame
  1049 | D:2      | Reached skill level 4 in Fire Magic
  1801 | D:2      | Reached XP level 3. HP: 19/19 MP: 5/9
  1816 | D:2      | Learned a level 3 spell: Conjure Flame
  2199 | D:3      | Found a white marble altar of Elyvilon.
  2469 | D:3      | Noticed Terence
  2501 | D:3      | Slain by Terence
